 Dungeon Crawl Stone Soup version 0.21.0-25-ge575cb9 (webtiles) character file.

3316 wojtek the Cleaver (level 9, -12/83 HPs)
             Began as a Minotaur Fighter on Jan 25, 2018.
             Mangled by a two-headed ogre
             ... wielding a +0 giant spiked club
              (22 damage)
             ... on level 8 of the Dungeon.
             The game lasted 00:10:21 (7576 turns).

wojtek the Cleaver (Minotaur Fighter)               Turns: 7576, Time: 00:10:22

Health: -12/83     AC:  9    Str: 23    XL:     9   Next: 71%
Magic:  8/8        EV:  7    Int:  5    God:
Gold:   327        SH:  9    Dex: 11    Spells: 8/8 levels left

rFire    . . .     SeeInvis .   a - +0 war axe
rCold    . . .     Gourm    .   c - +0 shield
rNeg     . . .     Faith    .   b - +0 scale mail
rPois    .         Spirit   .   (helmet restricted)
rElec    .         Reflect  .   (no cloak)
rCorr    .         Harm     .   s - +0 pair of gloves
MR       .....                  (no boots)
Stlth    ..........             (no amulet)
HPRegen  0.23/turn              (no ring)
MPRegen  0.11/turn              (no ring)

@: no status effects
A: retaliatory headbutt, horns 2
a: no special abilities


You were on level 8 of the Dungeon.
You were near starving.

You visited 2 branches of the dungeon, and saw 9 of its levels.

You collected 327 gold pieces.

Inventory:

Hand Weapons
 a - a +0 war axe (weapon)
 g - a +2 whip of electrocution
Missiles
 y - a throwing net (quivered)
Armour
 b - a +0 scale mail (worn)
 c - a +0 shield (worn)
 s - a +0 pair of gloves (worn)
 u - a cursed -1 ring mail
Jewellery
 o - an uncursed ring of magical power {unknown}
 p - a cursed ring of loudness {unknown}
 r - an uncursed ring of resist corrosion {unknown}
 v - an uncursed ring of flight {unknown}
 w - an uncursed amulet of rage {unknown}
 D - a +3 ring of slaying {unknown}
Wands
 x - a wand of iceblast (15)
 F - a wand of acid (13)
 I - a wand of random effects (58)
Scrolls
 e - 5 scrolls of remove curse {unknown}
 h - a scroll of noise {unknown}
 k - 6 scrolls of teleportation {unknown}
 m - 3 scrolls of magic mapping {unknown}
 t - 5 scrolls of identify {unknown}
 z - 2 scrolls of enchant weapon {unknown}
 A - a scroll of immolation {unknown}
 E - 4 scrolls of amnesia {unknown}
 J - a scroll of random uselessness {unknown}
 K - a scroll of fear {unknown}
Potions
 d - 3 potions of might
 i - 2 potions of haste {unknown}
 j - 5 potions of curing {unknown}
 l - 8 potions of heal wounds {unknown}
 n - 2 potions of flight {unknown}
 q - 3 potions of berserk rage {unknown}
 B - a potion of agility {unknown}
 G - a potion of mutation {unknown}
Books
 C - a book of Geomancy

   Spells                             Type                      Level
   a - Sandblast                      Earth                        1
   b - Passwall                       Transmutation/Earth          2
   c - Stone Arrow                    Conjuration/Earth            3
   d - Petrify                        Transmutation/Earth          4
   e - Lee's Rapid Deconstruction     Earth                        5
 L - a book of Misfortune

   Spells                             Type                      Level
   a - Confusing Touch                Hexes                        1
   b - Confuse                        Hexes                        3
   c - Gell's Gravitas                Translocation                3
   d - Petrify                        Transmutation/Earth          4
   e - Metabolic Englaciation         Hexes/Ice                    5
   f - Yara's Violent Unravelling     Hexes/Transmutation          5
Comestibles
 f - 16 rations


   Skills:
 + Level 9.0 Fighting
 * Level 11.7 Axes
 + Level 9.0 Armour
 - Level 3.6 Shields


You had 8 spell levels left.
You didn't know any spells.

Dungeon Overview and Level Annotations

Branches:
Dungeon (8/15)             Temple (1/1) D:5
   Lair: D:8-11

Altars:
Ashenzari
Cheibriados
Dithmenos
Elyvilon
Fedhas
Gozag
Hepliaklqana
Kikubaaqudgha
Nemelex Xobeh
Okawaru
Qazlal
Ru
Sif Muna
Trog
Uskayaw
Vehumet
Wu Jian
Xom
Yredelemnul
Zin
The Shining One


Innate Abilities, Weirdness & Mutations

You reflexively headbutt those who attack you in melee.
You have a pair of horns on your head.


Message History

The two-headed ogre hits you with a giant spiked club! x2
Your shield and scale mail prevent you from hitting the two-headed ogre.
The two-headed ogre is moderately wounded.
You barely miss the two-headed ogre.
The two-headed ogre is moderately wounded.
The two-headed ogre hits you with a giant spiked club!
* * * LOW HITPOINT WARNING * * *
You block the two-headed ogre's attack.
You slash the two-headed ogre!
Your headbutt misses the two-headed ogre.
The two-headed ogre is heavily wounded.
You block the two-headed ogre's attack.
The two-headed ogre hits you with a giant spiked club!
* * * LOW HITPOINT WARNING * * *
You hit the two-headed ogre.
The two-headed ogre is heavily wounded.
You hit the two-headed ogre.
The two-headed ogre is heavily wounded.
The two-headed ogre hits you with a giant spiked club!!
You die...

#.......#
#.......#
#.).....#
#.......#
####.......#
####..........#
#<.'..........#
...####.......####
.......@...####
...#.##O##.# #
.S....# ...?.....
#.......##.
#........
#.>....## .......#


You could see a two-headed ogre and a water moccasin.

Vanquished Creatures
  Pikel (D:3)
  The ghost of Nanban the Chopper, an amateur HOFi (D:4)
  The ghost of Nanban the Sneak, an amateur OpEn (D:3)
  2 sky beasts
  2 ice beasts (D:7)
  An ogre (D:7)
  A phantom (D:6)
  A centaur (D:5)
  2 bullfrogs
  A gnoll sergeant (D:4)
  2 scorpions
  3 killer bees (D:8)
  A crimson imp (D:5)
  A centaur zombie (D:8)
  4 hounds
  3 jellies
  2 orc wizards
  A bullfrog zombie (D:5)
  A centaur skeleton (D:6)
  5 orc priests
  A bullfrog skeleton (D:6)
  3 iguanas
  5 worker ants
  Robin (D:4)
  2 worker ant zombies (D:5)
  43 gnolls
  9 adders
  2 shadow imps
  2 oozes
  A worm (D:5)
  4 dart slugs
  4 leopard geckos
  20 orcs
  7 bats
  6 giant cockroaches
  14 goblins
  8 hobgoblins
  22 jackals
  16 kobolds
  A quokka (D:6)
  3 ball pythons
  8 frilled lizards
  A jackal skeleton (D:4)
  2 leopard gecko skeletons (D:7)
  7 rats
  2 plants (D:1)
230 creatures vanquished.

Vanquished Creatures (others)
  Menkaure (D:4)
  2 slaves (D:4)
  An iguana (D:4)
  An adder (D:4)
5 creatures vanquished.

Grand Total: 235 creatures vanquished

Notes
Turn   | Place    | Note
-------+----------+-------------------------------------------
     0 | D:1      | wojtek the Minotaur Fighter began the quest for the Orb.
     0 | D:1      | Reached XP level 1. HP: 19/19 MP: 0/0
   108 | D:1      | Reached skill level 3 in Axes
   108 | D:1      | Reached XP level 2. HP: 27/27 MP: 1/1
   534 | D:1      | Reached XP level 3. HP: 28/33 MP: 2/2
  1374 | D:2      | Reached skill level 4 in Axes
  1374 | D:2      | Reached XP level 4. HP: 15/41 MP: 3/3
  2092 | D:3      | Reached XP level 5. HP: 47/47 MP: 4/4
  2162 | D:3      | Reached skill level 5 in Axes
  2469 | D:3      | Noticed Nanban's ghost (amateur OpEn)
  2483 | D:3      | Killed Nanban's ghost
  2483 | D:3      | Reached skill level 5 in Fighting
  2483 | D:3      | Reached skill level 5 in Armour
  2483 | D:3      | Reached XP level 6. HP: 47/56 MP: 5/5
  2599 | D:3      | Reached skill level 6 in Axes
  2949 | D:4      | Noticed a slave
  2950 | D:4      | Noticed a slave
  2951 | D:4      | Noticed Pikel
  2960 | D:4      | Noticed a slave
  2962 | D:4      | Noticed a slave
  2975 | D:3      | Killed Pikel
  2975 | D:3      | Reached skill level 7 in Axes
  2975 | D:3      | Reached XP level 7. HP: 43/63 MP: 6/6
  3133 | D:4      | Noticed Robin
  3149 | D:4      | Killed Robin
  3217 | D:4      | Reached skill level 8 in Axes
  3357 | D:4      | Noticed Nanban's ghost (amateur HOFi)
  3383 | D:4      | Killed Nanban's ghost
  3383 | D:4      | Reached XP level 8. HP: 39/71 MP: 7/7
  3498 | D:4      | Reached skill level 9 in Axes
  4018 | D:4      | Killed Menkaure
  4244 | D:5      | Entered Level 5 of the Dungeon
  4392 | D:5      | Found a staircase to the Ecumenical Temple.
  4406 | Temple   | Entered the Ecumenical Temple
  4565 | D:5      | Reached skill level 10 in Axes
  4817 | D:5      | Found a sacrificial altar of Ru.
  4875 | D:5      | Found an ancient bone altar of Kikubaaqudgha.
  4998 | D:5      | Reached XP level 9. HP: 63/81 MP: 8/8
  5018 | D:5      | Found a bloodstained altar of Trog.
  5034 | D:5      | Found a stormy altar of Qazlal.
  5038 | D:5      | Found a snail-covered altar of Cheibriados.
  5873 | D:7      | Reached skill level 11 in Axes
  7569 | D:8      | Noticed a two-headed ogre
  7576 | D:8      | Mangled by a two-headed ogre

Skill      XL: |  1  2  3  4  5  6  7  8  9 |
---------------+----------------------------+-----
Axes           | 3 4 5 7 8 10 11 | 11.7
Armour         | 4 5 6 7 9 |  9.0
Fighting       | 4 5 6 7 9 |  9.0
Shields        | |  3.6

Action                   |  1- 3 |  4- 6 |  7- 9 || total
-------------------------+-------+-------+-------++-------
Melee: War axe           |   105 |   113 |   386 ||   604
       Headbutt          |    12 |    17 |    84 ||   113
 Stab: Distracted        |       |       |     1 ||     1
  Eat: Chunk             |     1 |     5 |    14 ||    20
Armor: Scale mail        |    49 |    45 |   140 ||   234
Dodge: Dodged            |    28 |    23 |    93 ||   144
Block: Shield            |    51 |    53 |   167 ||   271
